 Dungeon Crawl Stone Soup version 0.31-a0-846-gb3bcc0d938 (webtiles) character file.

Game seed: 4002446298698316004

89 croobank the Sneak (level 4, 0/32 HPs)
             Began as an Octopode Delver on Oct 3, 2023.
             Slain by an ufetubus (5 damage)
             ... on level 6 of the Dungeon.
             The game lasted 00:00:28 (47 turns).

croobank the Sneak (Octopode Delver)                  Turns: 47, Time: 00:00:28

Health: 0/32       AC:  1    Str: 11    XL:     4   Next: 55%
Magic:  4/4        EV: 13    Int: 14    God:
Gold:   0          SH:  0    Dex: 13    Spells: 3/3 levels left

rFire   . . .        a - +0 short sword
rCold   . . .        (no shield)
rNeg    . . .        (helmet restricted)
rPois   .            (no amulet)
rElec   .            (no ring)
rCorr   .            (no ring)
SInv    .            (no ring)
Will    .....        (no ring)
Stlth   ++++         (no ring)
HPRegen 0.25/turn    (no ring)
MPRegen 0.09/turn    (no ring)
                     (no ring)

%: no passive effects
@: no status effects
A: almost no armour, amphibious, 8 rings, camouflage 1, gelatinous body 1,
(nimble swimmer 1), tentacles
a: no special abilities


You were on level 6 of the Dungeon.
You visited 1 branch of the dungeon, and saw 2 of its levels.

Inventory:

Hand Weapons
 a - a +0 short sword (weapon)
Wands
 f - a wand of digging (3)
Scrolls
 b - a scroll of fog
 c - a scroll of revelation
 d - a scroll of fear
Potions
 e - a potion of haste
 g - a potion of attraction {unknown}


   Skills:
 + Level 3.6 Fighting
 + Level 2.8 Short Blades
 + Level 2.8 Dodging
 + Level 7.2 Stealth


You had 3 spell levels left.
You didn't know any spells.
Your spell library was empty.

Dungeon Overview and Level Annotations

Branches:
Dungeon (6/15)
 Temple: D:4-7

Altars:


Innate Abilities, Weirdness & Mutations

You cannot wear most types of armour.
You are amphibious.
You can wear up to eight rings at the same time.
Your skin changes colour to match your surroundings (Stealth+).
Your rubbery body absorbs attacks. (AC +1, EV +1)
((You are camouflaged when in or above water. (Stealth+)))
You have tentacles for arms and can constrict up to eight enemies at once.


Message History

You feel clever. x2
You have reached level 4!
You see here a black bear corpse.
An ufetubus comes into view.
The ufetubus shouts!
A jelly comes into view.
The ufetubus attacks as it pursues you! The ufetubus closely misses you.
The ufetubus hits you. The ufetubus barely misses you. The ufetubus hits you.
The ufetubus attacks as it pursues you! The ufetubus hits you.
The ufetubus misses you.
The ufetubus hits you but does no damage.
The ufetubus barely misses you. The ufetubus hits you. x2
The ufetubus attacks as it pursues you! The ufetubus closely misses you. x2
You closely miss the ufetubus. Your grab misses the ufetubus.
The ufetubus hits you. The ufetubus barely misses you.
You barely miss the ufetubus. Your grab misses the ufetubus.
The ufetubus hits you. The ufetubus barely misses you.
The ufetubus closely misses you. The ufetubus misses you.
You hit the ufetubus. Your grab misses the ufetubus.
The ufetubus is lightly wounded.
The ufetubus misses you. The ufetubus hits you.
You barely miss the ufetubus. Your grab misses the ufetubus.
Your squeeze misses the ufetubus.
The ufetubus is lightly wounded.
The ufetubus misses you. The ufetubus closely misses you.
You closely miss the ufetubus. You grab the ufetubus.
The ufetubus is lightly wounded.
You constrict the ufetubus, but do no damage.
The ufetubus barely misses you. The ufetubus hits you.
* * * LOW HITPOINT WARNING * * *
You hit the ufetubus.
The ufetubus is severely wounded.
You constrict the ufetubus, but do no damage.
The ufetubus barely misses you. The ufetubus hits you.
* * * LOW HITPOINT WARNING * * *
The ufetubus hits you but does no damage.
The ufetubus hits you.
You die...

###### #.@.†#
....J.. #5##.#
....... #.##.#
....... #.##.#
....... #.##.#
#....5. #.#..#
#...... #.#.##
#......###.#.#
#..........#.#


You could see an ufetubus.

Vanquished Creatures
  A black bear (D:6)
1 creature vanquished.

Notes
Turn   | Place    | Note
-------+----------+-------------------------------------------
     0 | D:5      | croobank the Octopode Delver began the quest for the Orb.
     0 | D:5      | Reached XP level 1. HP: 16/16 MP: 1/1
     8 | D:6      | Noticed a black bear
    16 | D:6      | Killed a black bear
    17 | D:6      | Reached skill level 7 in Stealth
    17 | D:6      | Reached XP level 2. HP: 21/21 MP: 2/2
    17 | D:6      | Reached XP level 3. HP: 26/26 MP: 3/3
    17 | D:6      | Reached XP level 4. HP: 32/32 MP: 4/4
    47 | D:6      | Slain by an ufetubus

Illustrated notes

Levels and vault maps discovered:
D:5:      layout_gridville, nicolae_concentric_dashed_squares_wild
D:6:      layout_basic, nicolae_overflow_macrodata_refinement,
          minmay_manual_moon

Skill      XL: |  1 |
---------------+----+-----
Stealth        | 7 |  7.2
Fighting       | |  3.6
Short Blades   | |  2.8
Dodging        | |  2.8

Action                     |  1- 3 |  4- 6 || total
---------------------------+-------+-------++-------
  Melee: Short sword       |     2 |     6 ||     8
         Constrict         |     1 |     1 ||     2
         Tentacles         |     1 |       ||     1
   Stab: Sleeping          |     1 |       ||     1
 Armour: Skin              |       |    13 ||    13
  Dodge: Dodged            |       |    15 ||    15

Table legend: (Time is in decaauts)
 A = Elapsed time spent in this place.
 B = Non-inter-level travel time spent in this place.
 C = Inter-level travel time spent in this place.
 D = Time resting spent in this place.
 E = Time spent auto-exploring this place.
 F = Levels seen in this place.
 G = Mean time per level.
                   A        B        C        D        E       F      G
               +--------+--------+--------+--------+--------+-----+--------+
         Total |     45 |     45 |      0 |      0 |     14 |   2 |   22.5 |
       Dungeon |     45 |     45 |      0 |      0 |     14 |   2 |   22.5 |
               +--------+--------+--------+--------+--------+-----+--------+

Top non-repeatable levels by time:
     D:6: 44 daAuts
     D:5: 1 daAuts
